 Dungeon Crawl Stone Soup version 0.31-a0-1447-g87ca8d402b (webtiles) character file.

Game seed: 10196965685965829511

1947 parrotman the Conjurer (level 9, 0/117 (133) HPs)
             Began as an Oni Conjurer on Dec 27, 2023.
             Was an Initiate of Ashenzari.
             Slain by a wight
             ... wielding a +4 dagger
              (2 damage)
             ... on level 7 of the Dungeon.
             The game lasted 00:44:20 (10160 turns).

parrotman the Conjurer (Oni Conjurer)              Turns: 10160, Time: 00:44:21

HP:   0/117 (133)   AC:  5    Str: 15    XL:     9   Next: 18%
MP:   12/26         EV: 10    Int: 21    God:    Ashenzari [......]
Gold: 253           SH:  0    Dex:  7    Spells: 5/19 levels left

rFire   . . .        w - +0 giant club
rCold   . . .        (shield currently unavailable)
rNeg    . . .        a - +1 robe
rPois   .            (helmet restricted)
rElec   .            v - +0 cloak
rCorr   .            (gloves unavailable)
SInv    .            (boots unavailable)
Will    .....        (no amulet) Stlth
                     e - ring of magical power
HPRegen 0.39/turn    (no ring)
MPRegen 0.20/turn

%: no passive effects
@: mighty, berserking, heavily drained, very quick
A: large, unfitting armour, horns 1, tough skin 1, double potion healing,
drunken brawling
a: Renounce Religion


You were on level 7 of the Dungeon.
You worshipped Ashenzari.
Ashenzari was noncommittal.
You visited 2 branches of the dungeon, and saw 8 of its levels.

You collected 253 gold pieces.

Inventory:

Hand Weapons
 h - a +0 club
 j - a +0 heavy mace
 r - a +1 great sword
 u - a +2 vampiric trident
 w - a +0 giant club (weapon)
Missiles
 d - 2 datura-tipped darts
 k - 9 poisoned darts (quivered)
 m - 4 javelins
 s - 3 boomerangs
Armour
 a - a +1 robe (worn)
 v - a +0 cloak (worn)
Jewellery
 e - a ring of magical power (left hand)
 z - the amulet "Taor" {RegenMP Rampage rPois Dex-2 Slay+3}
   (You found it on level 6 of the Dungeon)

   [amulet of magic regeneration]

   RegenMP:   It increases your rate of magic regeneration.
   Dex-2:     It affects your dexterity (-2).
   Slay+3:    It affects your accuracy & damage with ranged weapons and melee
   (+3).
   rPois:     It protects you from poison Rampage: It bestows one free step when
   moving towards enemies.
Wands
 g - a wand of roots (1)
 B - a wand of digging (5)
Scrolls
 i - 4 scrolls of amnesia
 l - a scroll of silence
 n - 2 scrolls of enchant weapon
 y - a scroll of identify
Potions
 b - a potion of magic
 f - a potion of lignification
 o - 2 potions of brilliance
 p - a potion of enlightenment
 q - a potion of mutation


   Skills:
 * Level 5.7 Fighting
 + Level 2.5 Long Blades
 - Level 1.0 Maces & Flails
 + Level 2.6 Throwing
 * Level 5.7 Dodging
 + Level 2.6 Stealth
 + Level 0.2 Unarmed Combat
 + Level 5.5 Spellcasting
 + Level 5.9 Conjurations
 + Level 0.9 Evocations


You had 5 spell levels left.
You knew the following spells:

 Your Spells              Type           Power      Damage    Failure   Level
a - Magic Dart            Conj           100%       1d8       1%          1
b - Searing Ray           Conj           60%        2d6       1%          2
c - Iskenderun's Mystic   Conj/Tloc      18%        2d6       30%         4
d - Fulminant Prism       Conj/Alch      9%         3d7       30%         4
e - Tukima's Dance        Hex            5%         N/A       30%         3

Your spell library contained the following spells:

 Spells                   Type           Power      Damage    Failure   Level
 Passage of Golubria      Tloc           5%         N/A       71%         4
 Yara's Violent Unravell  Hex/Alch       2%         3d3       96%         5
 Conjure Ball Lightning   Conj/Air       9%         3x3d6     99%         6
 Discord                  Hex            2%         N/A       100%        8
 Disjunction              Tloc           2%         N/A       100%        8


Dungeon Overview and Level Annotations

Branches:
Dungeon (7/15)             Temple (1/1) D:6

Altars:
Ashenzari
Cheibriados
Dithmenos
Elyvilon
Fedhas
Hepliaklqana
Nemelex Xobeh
Okawaru
Qazlal
Ru
Sif Muna
Uskayaw
Vehumet
Wu Jian
Xom
Yredelemnul
Zin
The Shining One

Shops:
D:3 =(   D:5 [

Annotations:
D:6 3 runed translucent doors, Curundu's ghost, novice MiBe


Innate Abilities, Weirdness & Mutations

You are too large for most types of armour.
You have a pair of small horns on your head.
You have tough skin. (AC +1)
You gain doubled healing and magic from potions.
Whenever you drink a healing potion, you attack all around you.


Message History

The searing ray hits the wight but does no damage.
The searing ray hits the wight.
You destroy the wight!
You finish channelling your searing ray.
The wight hits you with a +2 hand axe!
You feel drained. The wight hits you with a +4 dagger.
You feel drained. The wight hits you but does no damage.
The wight hits you with a +4 dagger! The wight barely misses you.
The wight hits you with a +4 dagger! The wight hits you with a +2 hand axe.
You feel drained. The wight hits you but does no damage.
You feel very mighty all of a sudden. The wight hits you with a +4 dagger!
* * * LOW HITPOINT WARNING * * *
You feel drained. The wight hits you with a +2 hand axe!
* * * LOW HITPOINT WARNING * * *
You feel drained.
* * * LOW HITPOINT WARNING * * *
A red film seems to cover your vision as you go berserk!
You feel yourself moving faster!
You feel mighty! The wight hits you with a +4 dagger.
* * * LOW HITPOINT WARNING * * *
The wight hits you with a +2 hand axe!
* * * LOW HITPOINT WARNING * * *
You sock the wight!
The wight is severely damaged.
The wight hits you with a +4 dagger.
* * * LOW HITPOINT WARNING * * *
You feel drained.
* * * LOW HITPOINT WARNING * * *
The wight hits you with a +2 hand axe.
* * * LOW HITPOINT WARNING * * *
You feel drained.
You barely miss the wight. Your headbutt misses the wight.
The wight is severely damaged.
The wight closely misses you. x2
You barely miss the wight.
The wight is severely damaged.
The wight hits you with a +4 dagger.
You die...

,,,,,*'**,..,,,,,,,*,,,,,,,*
,,,,,,,.,,#.,*******,,,,**,*
,,,,,,,..##..* ****,**,*
,,,,,,,......### *,**,*
,,,,,,,........## *,**+******
,*,,,,,....zz).)# *,*,,,,,,,,
,+,,,,,(.(....#$######*,*,,,,,,,,
**,,,,,(..#####zz....#*,*,,,,,,,,
*,,,,,.,,* #.@....#*,,,,,,,,,,
*,,,,,,,,* #......#####*****,,
*,,,,,,,,* #..........### *,,
*,,,,,,,,* #............# *,,
*,,,,,,,,* #..........#.# ***
*,,,,,,,,* #####......#.###
********** #..........#
#........(.# #..........#


You could see 2 wights.

Vanquished Creatures
  Prince Ribbit (D:5)
  Edmund (D:5)
  A water moccasin (D:6)
  2 black bears (D:5)
  An ice beast (D:6)
  A phantom (D:5)
  An ogre (D:5)
  A bullfrog (D:6)
  A scorpion (D:3)
  5 wights (D:7)
  3 hounds
  2 jellies
  A bombardier beetle (D:5)
  Crazy Yiuf (D:5)
  2 orc priests (D:7)
  An iron imp (D:3)
  2 iguanas (D:6)
  2 orc wizards
  11 adders
  12 gnolls
  A white imp (D:6)
  2 worms (D:2)
  9 orcs
  16 ball pythons
  6 endoplasms
  2 giant cockroaches
  9 goblins
  9 hobgoblins
  5 jackals
  3 quokkas
  3 bats
  3 frilled lizards
  9 kobolds
  10 rats
139 creatures vanquished.

Vanquished Creatures (others)
  An orc (D:5)
1 creature vanquished.

Grand Total: 140 creatures vanquished

Notes
Turn   | Place    | Note
-------+----------+-------------------------------------------
     0 | D:1      | parrotman the Oni Conjurer began the quest for the Orb.
     0 | D:1      | Reached XP level 1. HP: 16/16 MP: 3/3
   186 | D:1      | Reached XP level 2. HP: 24/24 MP: 0/5
   194 | D:1      | Learned a level 2 spell: Searing Ray
   553 | D:1      | Reached XP level 3. HP: 19/31 MP: 0/6
  1480 | D:2      | Reached XP level 4. HP: 32/39 MP: 2/8
  1485 | D:2      | Learned a level 4 spell: Iskenderun's Mystic Blast
  2020 | D:3      | Found Kataoc's Jewellery Boutique.
  2032 | D:3      | Found a shimmering blue altar of Sif Muna.
  2079 | D:3      | Found Juveladd's Weapon Emporium.
  2315 | D:3      | Noticed a scorpion
  2323 | D:3      | Killed a scorpion
  2324 | D:3      | Reached skill level 1 in Fighting
  2324 | D:3      | Reached XP level 5. HP: 36/48 MP: 9/9
  2632 | D:3      | Found a snail-covered altar of Cheibriados.
  2648 | D:3      | Reached skill level 1 in Maces & Flails
  3822 | D:4      | Reached XP level 6. HP: 38/55 MP: 11/11
  3826 | D:4      | You fall into a shaft and drop 1 floor!
  3826 | D:5      | Entered Level 5 of the Dungeon
  3998 | D:5      | Noticed a black bear
  4007 | D:5      | Reached skill level 1 in Long Blades
  4017 | D:5      | Killed a black bear
  4018 | D:5      | Reached skill level 1 in Throwing
  4018 | D:5      | Reached skill level 5 in Conjurations
  4680 | D:4      | Learned a level 4 spell: Fulminant Prism
  5042 | D:4      | Reached XP level 7. HP: 55/66 MP: 13/13
  5666 | D:5      | Noticed Edmund
  5686 | D:5      | Killed Edmund
  5719 | D:5      | Reached XP level 8. HP: 35/78 MP: 3/14
  6326 | D:5      | Noticed Prince Ribbit
  6338 | D:5      | Killed Prince Ribbit
  6525 | D:5      | Found a runed translucent door.
  6526 | D:5      | Noticed Crazy Yiuf
  6568 | D:5      | Killed Crazy Yiuf
  6569 | D:5      | Reached skill level 5 in Spellcasting
  7647 | D:5      | Found Hedaruti's Antique Armour Shoppe.
  7774 | D:6      | Reached skill level 5 in Dodging
  8061 | D:6      | Found a runed translucent gate.
  8063 | D:6      | Found a runed translucent gate.
  8065 | D:6      | Found a runed translucent gate.
  8065 | D:6      | Noticed Curundu's ghost (novice MiBe)
  8140 | D:6      | Identified the amulet "Taor" {RegenMP Rampage rPois Dex-2
                  | Slay+3}
  8236 | D:6      | Learned a level 3 spell: Tukima's Dance
  8264 | D:6      | Reached skill level 5 in Fighting
  8271 | D:6      | Found a staircase to the Ecumenical Temple.
  8376 | Temple   | Entered the Ecumenical Temple
  8393 | Temple   | Became a worshipper of Ashenzari the Shackled
  9493 | D:7      | Found a stormy altar of Qazlal.
  9532 | D:7      | Reached XP level 9. HP: 61/87 MP: 13/17
 10158 | D:7      | HP: 5/120 [wight/+4 dagger (5)]
 10158 | D:7      | HP: 1/118 [wight/+2 hand axe (3)]
 10160 | D:7      | Slain by a wight

Illustrated notes

Levels and vault maps discovered:
D:1:      dpeg_arrival_connections, layout_rooms, st_stairs_2,
          chequers_serial_rivers_small_b, nicolae_figureground_pulse
D:2:      layout_basic, lexackson_kobold_supper
D:3:      layout_basic, lemuel_round_altar, slow_altar_1, serial_shops,
          nicolae_shop_gaudy_bauble, shop
D:4:      layout_cave_pools, minmay_goblin_kobold_house
D:5:      layout_basic, serial_shops, nicolae_shop_peninsula,
          uniq_crazy_yiuf_cottage, uniq_edmund, uniq_prince_ribbit1
D:6:      layout_basic, temple_pool_b, gammafunk_ghost_split
D:7:      layout_basic, nicolae_qazlal_scattered_showers,
          nicolae_nh_ransacked_shop
Temple:   hellmonk_temple_of_storms

Skill      XL: |  1  2  3  4  5  6  7  8 |
---------------+-------------------------+-----
Conjurations   | 4 5 |  5.9
Dodging        | 2 3 5 |  5.7
Fighting       | 1 2 3 5 |  5.7
Spellcasting   | 3 4 5 |  5.5
Maces & Flails | 1 |  1.0
Long Blades    | 1 2 |  2.5
Throwing       | 1 2 |  2.6
Stealth        | 2 |  2.6
Unarmed Combat | |  0.2
Evocations     | |  0.9

Action                     |  1- 3 |  4- 6 |  7- 9 || total
---------------------------+-------+-------+-------++-------
  Melee: Unarmed           |     9 |       |       ||     9
         Headbutt          |    28 |     2 |    11 ||    41
         Club              |    14 |       |       ||    14
         Mace              |    95 |     5 |       ||   100
         Punch             |     2 |       |       ||     2
         Great sword       |       |    15 |    46 ||    61
         Giant club        |       |       |    36 ||    36
  Throw: Dart              |     2 |     2 |    35 ||    39
         Boomerang         |       |    14 |       ||    14
   Cast: Magic Dart        |    57 |    82 |    27 ||   166
         Searing Ray       |     3 |    10 |    45 ||    58
  Evoke: Wand              |       |       |     3 ||     3
    Use: Scroll            |       |    13 |    10 ||    23
         Potion            |       |     1 |    10 ||    11
 Armour: Robe              |    47 |    66 |   208 ||   321
  Dodge: Dodged            |    29 |    54 |    94 ||   177

Table legend: (Time is in decaauts)
 A = Elapsed time spent in this place.
 B = Non-inter-level travel time spent in this place.
 C = Inter-level travel time spent in this place.
 D = Time resting spent in this place.
 E = Time spent auto-exploring this place.
 F = Levels seen in this place.
 G = Mean time per level.
                   A        B        C        D        E       F      G
               +--------+--------+--------+--------+--------+-----+--------+
         Total |  10336 |   8606 |   1730 |   4487 |   2777 |   8 | 1292.0 |
       Dungeon |  10311 |   8604 |   1707 |   4487 |   2777 |   7 | 1473.0 |
        Temple |     25 |      2 |     23 |      0 |      0 |   1 |   25.0 |
               +--------+--------+--------+--------+--------+-----+--------+

Top non-repeatable levels by time:
     D:5: 3131 daAuts
     D:3: 1769 daAuts
     D:6: 1635 daAuts
     D:2: 1254 daAuts
     D:4: 883 daAuts
     D:1: 864 daAuts
     D:7: 771 daAuts
  Temple: 25 daAuts
